 Dungeon Crawl Stone Soup version 0.28-b1-38-gff268fdeb9 (webtiles) character file.

Game seed: 16152564031393659494

30408 Impy the Fighter (level 13, 0/125 HPs)
             Began as a Grey Draconian Gladiator on Feb 3, 2022.
             Was a High Priest of Nemelex Xobeh.
             Slain by a harpy simulacrum (11 damage)
             ... in an ice cave.
             The game lasted 00:57:22 (12528 turns).

Impy the Fighter (Grey Draconian Gladiator)        Turns: 12528, Time: 00:57:23

Health: 0/125      AC:  0    Str: 21    XL:     13   Next: 20%
Magic:  16/23      EV: 13    Int:  8    God:    Nemelex Xobeh [*****.]
Gold:   1155       SH:  0    Dex: 14    Spells: 20/20 levels left

rFire   . . .      SeeInvis .   u - +4 halberd (protect)
rCold   . . .      Faith    .   (shield currently unavailable)
rNeg    . . .      Spirit   .   (armour unavailable)
rPois   .          Reflect  .   b - +1 hat
rElec   .          Harm     .   A - +1 cloak {Will+}
rCorr   .          Rampage  .   (no gloves)
Will    +....                   (no boots)
Stlth   +.........              v - amulet of regeneration
HPRegen 1.10/turn               e - +4 ring of protection
MPRegen 0.18/turn               w - +4 ring of protection

@: spiked, corroded, slowed, very slow
A: AC +13, amphibious, unfitting armour, cold-blooded, hooves 1, stinger 1
a: Renounce Religion, Draw Escape, Draw Destruction, Draw Summoning, Triple
Draw, Deal Four, Stack Five


You were in an ice cave.
You worshipped Nemelex Xobeh.
Nemelex Xobeh was extremely pleased with you.
You visited 1 branch of the dungeon, and saw 13 of its levels.
You also visited: Ossuary and Ice Cave.

You collected 1155 gold pieces.

Inventory:

Hand Weapons
 a - a +0 vorpal trident
 c - a +2 quarterstaff of chaos
 d - a +2 dagger of draining
 h - a +2 spear of freezing
 u - a +4 halberd of protection (weapon)
Armour
 b - a +1 hat (worn)
 g - a +0 kite shield
 j - a +0 cloak
 A - a +1 cloak of willpower (worn)
Jewellery
 e - a +4 ring of protection (left hand)
 m - a +6 ring of intelligence
 s - a +6 ring of dexterity
 v - an amulet of regeneration (around neck)
 w - a +4 ring of protection (right hand)
 z - the ring "Toer" {*Slow rElec rF+ Int+3}
   (You found it on level 12 of the Dungeon)

   [ring of protection from fire]

   Int:       It affects your intelligence (+3).
   rF:        It protects you from fire.
   rElec:     It insulates you from electricity.
   *Slow:     It may slow you when you take damage.
 C - a ring of ice
 E - an amulet of reflection
Wands
 k - a wand of iceblast (7)
 o - a wand of mindburst (14)
 p - a wand of charming (7)
 q - a wand of polymorph (8)
 y - a wand of flame (5)
Scrolls
 f - 4 scrolls of teleportation
 i - 15 scrolls of identify
 l - a scroll of fear
 r - 4 scrolls of fog
 t - a scroll of magic mapping
 B - a scroll of brand weapon
 D - a scroll of amnesia
Potions
 n - 6 potions of curing


   Skills:
 + Level 14.4 Fighting
 + Level 12.7 Polearms
 - Level 1.7 Throwing
 - Level 3.1 Dodging
 - Level 4.0 Spellcasting
 + Level 14.1 Invocations


You had 20 spell levels left.
You didn't know any spells.
Your spell library contained the following spells:

 Spells                   Type           Power      Damage    Failure   Level
 Freeze                   Ice            4%         1d3       28%         1
 Magic Dart               Conj           4%         1d3       28%         1
 Sandblast                Erth           2%         2d4       28%         1
 Passwall                 Tmut/Erth      0%         N/A       41%         2
 Scorch                   Fire           2%         2d5       41%         2
 Searing Ray              Conj           2%         2d4       41%         2
 Static Discharge         Conj/Air       1%         N/A       41%         2
 Confusing Touch          Hex            1%         N/A       65%         3
 Frozen Ramparts          Ice            2%         1d2       65%         3
 Stone Arrow              Conj/Erth      2%         3d7       65%         3
 Flame Wave               Conj/Fire      1%         2d4       96%         4
 Fulminant Prism          Conj/Hex       0%         3d6       96%         4
 Hailstorm                Conj/Ice       1%         3d3       96%         4
 Lightning Bolt           Conj/Air       0%         1d11      100%        5
 Yara's Violent Unravell  Hex/Tmut       0%         3d3       100%        5
 Summon Cactus Giant      Summ           0%         N/A       100%        6
 Enfeeble                 Hex            0%         N/A       100%        7
 Maxwell's Capacitive Co  Air            0%         ∞         100%        8


Dungeon Overview and Level Annotations

Branches:
Dungeon (13/15)            Temple (0/1) D:5            Lair (0/6) D:8
    Orc (0/2) D:12         Vaults (0/5) D:13        Ossuary (visited)
  IceCv (1/1)

Altars:
Gozag
Kikubaaqudgha
Nemelex Xobeh
Yredelemnul

Shops:
D:2 =   D:3 (

Annotations:
D:9 2 transporters, 1 exclusion


Innate Abilities, Weirdness & Mutations

Your dull iron-grey scales are very hard. (AC +13)
You are amphibious.
You cannot fit into any form of body armour.
You are cold-blooded and may be slowed by cold attacks.
You have large cloven feet.
Your tail ends in a venomous barb.


Message History

The red devil looks frightened!
The cane toad simulacrum is unaffected.
The harpy simulacrum is unaffected.
The orange demon looks frightened!
The freezing wraith is unaffected.
The entropy weaver simulacrum is unaffected.
The rust devil looks frightened!
The cane toad simulacrum is unaffected.
The purple ugly thing looks frightened!
The ice devil looks frightened!
The rust devil looks frightened!
The rust devil hits you. The rust devil corrodes you! The rust devil hits you.
The rust devil corrodes you!
The entropy weaver simulacrum is lost in a daze.
The barbs in your skin will harm you if you move.
Continue?
Okay, then.
Blink to where?
Press: ? - help, Dir - move target, p - orange demon
As you read the scroll of blinking, it crumbles to dust.
You hear a deep rumble.
The harpy simulacrum claws you! The harpy simulacrum freezes you!
You feel as though you will be slow longer.
The harpy simulacrum misses you.
The cane toad simulacrum is lost in a daze.
The harpy simulacrum is lost in a daze.
The barbs in your skin will harm you if you move.
Continue?
The barbed spikes dig painfully into your body as you move.
The harpy simulacrum claws you. The harpy simulacrum freezes you!
The harpy simulacrum claws you. The harpy simulacrum freezes you!
You feel as though you will be slow longer.
* * * LOW HITPOINT WARNING * * *
The cane toad simulacrum is lost in a daze.
The harpy simulacrum claws you!
* * * LOW HITPOINT WARNING * * *
The harpy simulacrum freezes you!
You feel as though you will be slow longer.
* * * LOW HITPOINT WARNING * * *
The harpy simulacrum misses you.
You feel better.
The harpy simulacrum is lost in a daze.
The harpy simulacrum claws you!
* * * LOW HITPOINT WARNING * * *
The harpy simulacrum freezes you!
You die...
Your body glows slightly and disappears.

##### ..##### ..#.#W###
..###...## ######
#..###...###≈≈≈≈##
##..###...###≈≈≈≈##
#...###...#..#≈@≈########
##..# ##....##≈≈Z..8...8.
##...# ##....####.Z......
....## ###..# #44.._...
...## ##...# ##ZZ.W.4..
#### ###...## ##§..Z....
# ###.W.### ##........
###...### ...8...8#
###....## ...4######


You could see 2 rust devils, a freezing wraith, a red devil (fleeing,
misshapen), 2 cane toad simulacra, a polar bear simulacrum (dazed) and a harpy
simulacrum (dazed).

Vanquished Creatures
  3 vault guards (D:13)
  2 hydras
  5 two-headed ogres
  3 skeletal warriors (D:12)
  6 wizards (D:12)
  2 deep elf pyromancers (D:13)
  An ugly thing (D:12)
  A manticore (D:12)
  Maurice (D:12)
  2 kobold demonologists (D:9)
  4 yaktaurs (D:11)
  A komodo dragon (D:11)
  An entropy weaver simulacrum (IceCv)
  3 anaconda simulacra (IceCv)
  3 trolls
  Grinder (D:3)
  6 slime creatures (D:12)
  3 vampires
  2 shadows (D:12)
  A centaur simulacrum (D:12)
  3 wyverns (D:8)
  2 dire elephant simulacra (IceCv)
  A wraith (D:10)
  2 basilisks (D:8)
  15 yaks
  9 humans (D:13)
  Menkaure (D:5)
  A death yak simulacrum (IceCv)
  5 water moccasins (D:8)
  Duvessa (D:5)
  2 acid dragons
  2 ice beasts
  5 orc warriors
  A sky beast (D:8)
  A black bear (D:3)
  2 boggarts (D:11)
  A hornet zombie (Ossuary)
  An ogre (D:6)
  A necrophage (D:8)
  7 centaurs (D:13)
  4 kobold brigands
  2 bullfrogs
  3 scorpions (D:6)
  A wyvern zombie (D:9)
  2 cane toad simulacra (IceCv)
  2 two-headed ogre simulacra (D:13)
  A wyvern skeleton (D:6)
  2 water moccasin skeletons (D:5)
  Dowan (D:5)
  7 wights
  2 elephant simulacra (IceCv)
  A vampire bat (D:9)
  7 howler monkeys
  3 centaur zombies
  3 bullfrog zombies
  4 orc priests
  Crazy Yiuf (D:3)
  6 hounds
  7 mummies (Ossuary)
  2 bullfrog skeletons
  3 iguanas
  9 orc wizards
  3 polar bear simulacra
  3 spriggan simulacra
  2 killer bee zombies
  4 wolf simulacra
  A howler monkey zombie (D:10)
  A gnoll (D:1)
  2 howler monkey skeletons (D:7)
  12 adders
  2 naga simulacra
  A shadow imp (D:6)
  A white imp (D:6)
  4 ufetubi (IceCv)
  2 worms (D:2)
  2 dart slugs
  28 orcs
  12 bats
  5 endoplasms
  2 giant cockroaches
  6 goblins
  10 hobgoblins
  5 quokkas
  3 ball pythons (D:1)
  4 frilled lizards
  20 kobolds
  2 rats (D:1)
324 creatures vanquished.

Vanquished Creatures (collateral kills)
  Nergalle (D:12)
  The ghost of vilexy the Destroyer, a novice DrCj of Sif Muna (D:8)
  A gargoyle (D:12)
  Sigmund (D:3)
  A boggart (D:11)
  A ball python (D:3)
6 creatures vanquished.

Vanquished Creatures (others)
  A shadow (D:11)
  2 wights (D:8)
  4 kobolds (D:8)
  6 fungi (D:8)
  32 plants
  6 withered plants
51 creatures vanquished.

Grand Total: 381 creatures vanquished

Notes
Turn   | Place    | Note
-------+----------+-------------------------------------------
     0 | D:1      | Impy the Draconian Gladiator began the quest for the Orb.
     0 | D:1      | Reached XP level 1. HP: 17/17 MP: 1/1
   536 | D:1      | Reached XP level 2. HP: 21/21 MP: 2/2
   903 | D:1      | Reached XP level 3. HP: 26/29 MP: 3/3
  1107 | D:1      | Found a faded altar of an unknown god.
  1115 | D:1      | Prayed at the altar of an unknown god.
  1115 | D:1      | Became a worshipper of Nemelex Xobeh the Trickster
  1115 | D:1      | Reached * piety under Nemelex Xobeh
  1157 | D:2      | Found Jiusaf Lualo's Jewellery Boutique.
  1206 | D:2      | Found an opulent altar of Gozag.
  1692 | D:3      | Received a gift from Nemelex Xobeh
  1714 | D:3      | Found Ura Dyedgh's Antique Weapon Boutique.
  1745 | D:3      | Noticed a black bear
  1762 | D:3      | Killed a black bear
  1763 | D:3      | Reached XP level 4. HP: 26/40 MP: 3/5
  1763 | D:3      | Reached XP level 5. HP: 29/46 MP: 3/6
  1939 | D:3      | Reached ** piety under Nemelex Xobeh
  2153 | D:3      | Noticed Grinder
  2175 | D:3      | Killed Grinder
  2176 | D:3      | Reached XP level 6. HP: 22/55 MP: 6/8
  2225 | D:3      | Reached skill level 5 in Polearms
  2231 | D:3      | Noticed Sigmund
  2438 | D:3      | Killed Sigmund
  2439 | D:3      | Reached skill level 5 in Fighting
  2439 | D:3      | Your scales start taking on a dull iron-grey colour.
  2439 | D:3      | Reached XP level 7. HP: 49/61 MP: 8/10
  2742 | D:3      | Found a runed translucent door.
  2743 | D:3      | Noticed Crazy Yiuf
  2757 | D:3      | Killed Crazy Yiuf
  3532 | D:4      | Found a sand-covered staircase.
  3537 | Ossuary  | Entered an ossuary
  3623 | Ossuary  | Reached skill level 5 in Invocations
  3672 | Ossuary  | Reached XP level 8. HP: 36/70 MP: 11/11
  4147 | D:5      | Entered Level 5 of the Dungeon
  4170 | D:5      | Received a gift from Nemelex Xobeh
  4191 | D:5      | Noticed Menkaure
  4193 | D:5      | Killed Menkaure
  4254 | D:5      | Reached *** piety under Nemelex Xobeh
  4432 | D:5      | Received a gift from Nemelex Xobeh
  4448 | D:5      | Noticed Dowan
  4452 | D:5      | Noticed Duvessa
  4480 | D:5      | Killed Duvessa
  4505 | D:5      | Killed Dowan
  4863 | D:5      | Found a staircase to the Ecumenical Temple.
  5548 | D:6      | Gained mutation: Your tail ends in a venomous barb. [potion
                  | of mutation]
  5548 | D:6      | Gained mutation: You have large cloven feet. [potion of
                  | mutation]
  5702 | D:6      | Reached XP level 9. HP: 81/81 MP: 14/14
  5912 | D:6      | Received a gift from Nemelex Xobeh
  6731 | D:7      | Received a gift from Nemelex Xobeh
  7199 | D:8      | Reached XP level 10. HP: 67/91 MP: 16/16
  7272 | D:8      | Found a staircase to the Lair.
  7444 | D:8      | Reached skill level 10 in Fighting
  7535 | D:8      | Found a runed translucent door.
  7538 | D:8      | Noticed vilexy's ghost (novice DrCj)
  7607 | D:8      | Reached **** piety under Nemelex Xobeh
  7641 | D:8      | Noticed a smoke demon
  7682 | D:8      | Killed vilexy's ghost
  8051 | D:9      | You fall into a shaft and drop 3 floors!
  8063 | D:12     | Received a gift from Nemelex Xobeh
  8082 | D:12     | Noticed a gargoyle
  8083 | D:12     | Identified the -2 quarterstaff of the Big Fish {freeze,
                  | Dex+2}
  8086 | D:12     | Killed a gargoyle
  8087 | D:12     | Reached skill level 10 in Invocations
  8108 | D:12     | Identified the ring "Toer" {*Slow rElec rF+ Int+3}
  8180 | D:12     | Reached skill level 10 in Polearms
  8200 | D:12     | Noticed Nergalle
  8225 | D:12     | Killed Nergalle
  8340 | D:12     | Noticed a two-headed ogre
  8347 | D:12     | Killed a two-headed ogre
  8417 | D:12     | Reached XP level 11. HP: 65/102 MP: 18/18
  8496 | D:12     | Noticed a four-headed hydra
  8507 | D:12     | Killed a four-headed hydra
  8523 | D:12     | Noticed Maurice
  8529 | D:12     | Noticed a two-headed ogre
  8539 | D:12     | Killed a two-headed ogre
  8540 | D:12     | Noticed a wizard
  8556 | D:12     | Killed a wizard
  8558 | D:12     | Killed Maurice
  8645 | D:12     | Noticed a wizard
  8653 | D:12     | Killed a wizard
  8668 | D:12     | Noticed a wizard
  8675 | D:12     | Killed a wizard
  8689 | D:12     | Noticed a wizard
  8689 | D:12     | Noticed a wizard
  8689 | D:12     | Noticed a wizard
  8700 | D:12     | Killed a wizard
  8709 | D:12     | Killed a wizard
  8727 | D:12     | Killed a wizard
  8842 | D:10     | Entered Level 10 of the Dungeon
  8950 | D:10     | Noticed a two-headed ogre
  8958 | D:10     | Killed a two-headed ogre
  9078 | D:10     | Reached ***** piety under Nemelex Xobeh
  9152 | D:10     | Noticed a two-headed ogre
  9162 | D:10     | Killed a two-headed ogre
  9163 | D:10     | Reached XP level 12. HP: 85/113 MP: 21/21
  9458 | D:9      | Noticed a death knight
  9462 | D:9      | Noticed a death knight
  9464 | D:9      | Found a basalt altar of Yredelemnul.
  9468 | D:9      | Found an ancient bone altar of Kikubaaqudgha.
  9484 | D:9      | Found a transporter.
  9486 | D:9      | Found a transporter.
  9692 | D:9      | Received a gift from Nemelex Xobeh
  9962 | D:11     | Noticed a seven-headed hydra
  9972 | D:11     | Killed a seven-headed hydra
  9973 | D:11     | Reached skill level 1 in Spellcasting
 10625 | D:12     | Noticed a two-headed ogre
 10637 | D:12     | Killed a two-headed ogre
 10642 | D:12     | Identified the +1 plate armour of Xagoon {Rampage rElec
                  | Str+7 Stlth-}
 11032 | D:12     | Found a staircase to the Orcish Mines.
 11726 | D:13     | Received a gift from Nemelex Xobeh
 11749 | D:13     | Noticed a vault guard
 11749 | D:13     | Noticed a vault guard
 11750 | D:13     | Noticed a vault guard
 11766 | D:13     | Killed a vault guard
 11791 | D:13     | Killed a vault guard
 11800 | D:13     | Killed a vault guard
 11801 | D:13     | Reached XP level 13. HP: 99/124 MP: 23/23
 11861 | D:13     | Found a gate to the Vaults.
 12016 | D:13     | Found a frozen archway.
 12085 | IceCv    | Entered an ice cave
 12522 | IceCv    | Found an ancient bone altar of Kikubaaqudgha.
 12528 | IceCv    | Slain by a harpy simulacrum

Illustrated notes

Levels and vault maps discovered:
D:1:      minmay_arrival_wavy_path, layout_basic, basic_ecumenical_altar,
          hangedman_decor_opposing, corexii_corridor_pit, patterned_corridor
D:2:      layout_rooms, serial_shops, shop, basic_altar
D:3:      layout_loops_ring, serial_shops, nicolae_shop_behind_doors,
          uniq_sigmund, uniq_grinder, uniq_crazy_yiuf_cottage
D:4:      layout_basic, enter_ossuary_2, kennysheep_boxes
D:5:      layout_loops_ring, minmay_temple_entry_statues_pillars, uniq_menkaure,
          uniq_duvessa
D:6:      layout_loops_ring, minivault_26, dk_noncrumbling_2, minmay_puff
D:7:      layout_rooms
D:8:      layout_rooms, minmay_lair_entry_grove, gammafunk_ghost_grave,
          lemuel_flamethrower_2
D:9:      layout_cave_pools, gammafunk_temple_of_torment, enter_bailey_6,
          minivault_26, roderic_batcave, serial_bayou_pond_d
D:10:     layout_rooms
D:11:     layout_rooms
D:12:     minmay_wizard_corner, layout_loops_corners, hiddenorc1_lemuel,
          amcnicky_mini_rare_corridor_liquid, hangedman_decor_growths,
          chequers_hall_statues_y, kennysheep_small_square, uniq_maurice,
          uniq_nergalle
D:13:     layout_roguey, ximxim_vaults_locker_room,
          portal_ice_cave_entry_ice_simulacra
IceCv:    ice_cave_small_necro

Skill      XL: |  1  2  3  4  5  6  7  8  9 10 11 12 13 |
---------------+----------------------------------------+-----
Dodging        | 3 |  3.1
Fighting       | 3 4 5 6 7 9 11 12 14 | 14.4
Polearms       | 4 5 6 7 8 10 11 12 | 12.7
Invocations    | 2 3 4 5 7 8 10 12 13 14 | 14.1
Spellcasting   | 4 |  4.0
Throwing       | |  1.7

Action                   |  1- 3 |  4- 6 |  7- 9 | 10-12 | 13-15 || total
-------------------------+-------+-------+-------+-------+-------++-------
Melee: Trident           |   132 |       |       |       |       ||   132
       Punch             |     3 |     1 |    10 |    14 |       ||    28
       Tailslap          |     9 |     6 |    76 |   162 |    13 ||   266
       Dagger            |     8 |    12 |       |       |       ||    20
       Spear             |       |    85 |   533 |   762 |       ||  1380
       Kick              |       |       |    47 |   297 |    43 ||   387
       Halberd           |       |       |       |    85 |   149 ||   234
Throw: Throwing net      |     3 |     2 |     1 |       |       ||     6
Invok: Draw Destruction  |       |     4 |    10 |    13 |     2 ||    29
       Draw Summoning    |       |     2 |       |     9 |       ||    11
       Draw Escape       |       |       |     2 |       |     3 ||     5
       Deal Four         |       |       |       |       |     1 ||     1
  Use: Scroll            |     7 |       |     8 |     5 |     3 ||    23
       Potion            |     1 |     1 |     8 |     2 |     1 ||    13
 Stab: Held in net/web   |     6 |       |     1 |       |       ||     7
       Sleeping          |     3 |     2 |     2 |     1 |       ||     8
       Petrified         |       |     4 |       |       |       ||     4
       Distracted        |       |       |     1 |     1 |       ||     2
Armor: Skin              |    24 |    31 |   144 |   387 |   119 ||   705
Dodge: Dodged            |    64 |    33 |   212 |   406 |   150 ||   865
